Cogmind - Beta 16.1 @@@ ROGUE MODE // 2026.04.25 @ 03:45:01 Player: coopco Result: Destroyed by G-50 Soldier with Heavy Laser Performance ------------- Evolutions (3) 1500 Regions Visited (12) 2400 Robots Destroyed (50) 250 Value Destroyed (2182) 2182 Prototype IDs (24) 480 Alien Tech Used (0) 0 Bonus (1308) 1308 TOTAL SCORE: 8120 Bonus ------- Follower Combat Kills 508 Entered Garrisons 200 Met Data Miner 300 Acquired ECA 300 Cogmind --------- Core Integrity 0/700 Matter 272/300 Energy 160/160 System Corruption 5% Temperature Warning (344) Movement Treading (240) Ox1 Location -6/Proximity Caves Parts ------- > --- POWER (1) -------- Light Nuclear Core > --- PROPULSION (5) --- Light Treads > --- UTILITY (4) ------ Large Storage Unit Advanced Visual Processing Unit Improved Signal Interpreter > --- WEAPON (3) ------- Pulse Rifle > --- INVENTORY (15) --- Light Nuclear Core Advanced Heat Sink Weight Redist. System Advanced Terrain Scan Processor Encrypted Comm Array Advanced ECM Suite Hardlight Generator Hacking Suite System Shield Relay Coupler [Hunter] (17) Relay Coupler [Behemoth] (11) Remote Datajack Peak State ------------ > --- POWER ------------ Deuterium Engine > --- PROPULSION ------- Medium Treads Medium Treads Medium Treads Aerolev Unit Aerolev Unit > --- UTILITY ---------- Large Storage Unit Advanced Visual Processing Unit Improved Signal Interpreter Drone Bay > --- WEAPON ----------- Improved Medium Laser Slug Cannon Makeshift Spear > --- INVENTORY -------- Light Deuterium Engine Medium Treads Airjet Airjet Airjet Aerolev Unit Aerolev Unit Improved Heat Sink Improved Terrain Scan Processor Microactuators Pulse Rifle Pulse Rifle Advanced EMP Blaster [Rating: 50] Favorites ----------- Power Improved Deuterium Engine Engine Improved Deuterium Engine Power Core Light Nuclear Core Propulsion Medium Treads Treads Medium Treads Leg Improved Aluminum Leg Hover Unit Aerolev Unit Utility Large Storage Unit Device Drone Bay Storage Large Storage Unit Processor Advanced Visual Processing Unit Weapon Gatling Laser Energy Gun Gatling Laser Energy Cannon Light EM Pulse Cannon Ballistic Gun KE Penetrator Ballistic Cannon Slug Cannon Launcher Advanced EMP Blaster Piercing Weapon Makeshift Spear Build | -11 -10 -10 -10 -8 -8 -7 -7 -7 -7 -7 -7 -6 ------- Run | Yrd Mat Min Sub Mat Sto Fac Gar Fac Low Low Dat Pro Slots Evolved 6 | . . . . 4 . 2 . . . . . . Power . | . . . . . . . . . . . . . Propulsion 3 | . . . . 1 . 2 . . . . . . Utility 2 | . . . . 2 . . . . . . . . Weapon 1 | . . . . 1 . . . . . . . . Parts Attached 56 | 6 5 . 2 9 8 7 6 3 2 5 . 3 Power 10 | 1 1 . 1 1 1 2 . . 1 1 . 1 Engine 8 | 1 1 . 1 1 1 2 . . 1 . . . Core 2 | . . . . . . . . . . 1 . 1 Reactor . | . . . . . . . . . . . . . Propulsion 21 | 2 2 . . 4 . 5 3 . . 4 . 1 Treads 8 | 2 . . . 3 . . . . . 2 . 1 Leg 5 | . 2 . . 1 . . . . . 2 . . Wheel . | . . . . . . . . . . . . . Hover 8 | . . . . . . 5 3 . . . . . Flight . | . . . . . . . . . . . . . Utility 11 | 1 1 . 1 2 3 . 1 2 . . . . Device 5 | . . . 1 1 1 . 1 1 . . . . Storage 3 | 1 1 . . . . . . 1 . . . . Processor 3 | . . . . 1 2 . . . . . . . Hackware . | . . . . . . . . . . . . . Protection . | . . . . . . . . . . . . . Artifact . | . . . . . . . . . . . . . Weapon 14 | 2 1 . . 2 4 . 2 1 1 . . 1 Energy Gun 6 | 1 . . . . 2 . 1 1 . . . 1 Energy Cannon 1 | . . . . . 1 . . . . . . . Ballistic Gun 3 | 1 1 . . . . . . . 1 . . . Ballistic Cannon 1 | . . . . 1 . . . . . . . . Launcher 2 | . . . . . 1 . 1 . . . . . Special Weapon . | . . . . . . . . . . . . . Impact Weapon . | . . . . . . . . . . . . . Slashing Weapon . | . . . . . . . . . . . . . Piercing Weapon 1 | . . . . 1 . . . . . . . . Special Melee Weapon . | . . . . . . . . . . . . . Unidentified Prototypes 3 | . . . . . 2 . 1 . . . . . Parts Lost 24 | . 1 . 2 . . . 5 . 6 2 . 8 Power 3 | . . . 1 . . . 1 . . . . 1 Propulsion 13 | . 1 . . . . . 3 . 4 1 . 4 Utility 1 | . . . . . . . . . . 1 . . Weapon 7 | . . . 1 . . . 1 . 2 . . 3 Highest Loss Streak 6 | . 1 . 2 . . . 3 . 6 1 . 5 To Critical Strikes 1 | . . . . . . . . . . . . 1 Average Backups 14 | 2 11 14 14 14 14 14 14 14 15 14 14 12 Power 1 | . . . . 1 1 1 3 2 2 2 2 1 Propulsion 2 | 1 4 4 4 5 7 5 1 . . . . . Utility 6 | . 3 6 6 6 4 5 5 9 9 9 9 9 Weapon 1 | . 3 4 3 1 1 2 2 2 2 1 1 . Tool/Special . | . . . . . . . . . . . . . Unused Backups 42 | . 1 . 2 12 8 3 1 2 1 . . 12 Power 3 | . . . . 1 . . . 1 . . . 1 Propulsion 6 | . . . . 3 2 1 . . . . . . Utility 27 | . 1 . . 6 6 2 1 1 1 . . 9 Weapon 4 | . . . 2 2 . . . . . . . . Tool/Special 2 | . . . . . . . . . . . . 2 Average Slot Usage (%) 78 | . 85 85 94 94 100 91 92 100 67 57 84 48 Engine 7 | . 14 14 13 9 9 7 6 7 7 5 . . Treads 9 | . 13 . . 15 27 2 . . . 2 15 3 Leg 5 | . 14 28 28 11 . . . . . 6 15 . Hover 4 | . . . . . . 33 35 38 11 . . . Device 5 | . . . 9 16 9 . 4 7 7 1 . . Storage 8 | . 14 14 14 9 9 7 7 7 7 7 7 7 Processor 13 | . . . . 6 17 15 15 15 15 15 15 15 Energy Gun 8 | . 5 . 10 9 9 7 12 15 8 7 7 7 Ballistic Gun 5 | . 22 28 17 7 . . . . 5 7 7 3 Ballistic Cannon 2 | . . . . 7 7 7 2 . . . . . Piercing Weapon 3 | . . . . 1 9 7 5 7 1 . 7 3 Peak Build Rating 50 | 6 10 10 13 35 43 50 50 50 50 40 40 40 Average Rating 31 | 4 8 10 11 26 41 46 45 49 36 29 40 22 On Entrance 28 | . 6 10 10 13 35 43 47 45 50 35 40 40 Avg Prop Armor Cover (%) 11 | . . . . . . . . . . 11 11 11 Naked Turns . | . . . . . . . . . . . . . Heaviest Build 47 | 14 29 28 28 41 47 47 41 35 40 41 41 41 Greatest Support 84 | 40 40 26 26 84 84 84 42 42 42 48 48 48 Greatest Overweight (x) 13 | . 1 1 1 1 . . 1 . 4 13 . 11 Average Overweight (x) . | . . 1 . . . . . . 1 2 . 3 Largest Inventory Capacity 15 | 8 15 15 15 15 15 15 15 15 15 15 15 15 Average Capacity 14 | 7 14 15 15 15 15 15 15 15 15 15 15 15 Most Carried 15 | 4 15 15 15 15 15 15 15 15 15 15 14 14 Average Carried 14 | 2 11 14 14 14 14 14 14 14 15 14 14 12 Final Capacity 15 | 8 15 15 15 15 15 15 15 15 15 15 15 15 Final Carried 15 | 4 14 15 15 15 15 15 13 15 15 14 14 12 Class Distribution -------------------- 72% | Mutant 19% | Commander-Mutant 4% | Scavenger-Mutant 3% | Skirmisher Dominant Class ---------------- Mutant | -10/Materials Mutant | -10/Mines Mutant | -10/Subcaves Skirmisher | -8/Materials Commander-Mutant | -8/Storage Mutant | -7/Factory Mutant | -7/Garrison Mutant | -7/Factory Mutant | -7/Lower Caves Mutant | -7/Lower Caves Scavenger-Mutant | -7/Data Miner Mutant | -6/Proximity Caves Resources | -11 -10 -10 -10 -8 -8 -7 -7 -7 -7 -7 -7 -6 ----------- Run | Yrd Mat Min Sub Mat Sto Fac Gar Fac Low Low Dat Pro Matter Collected 1376 | 246 116 40 65 84 290 112 158 . 109 106 . 50 Remotely . | . . . . . . . . . . . . . Salvage Created 1738 | . 166 29 37 87 401 93 200 . 183 342 . 200 Parts 96 | . 5 3 3 9 31 7 3 . 5 19 . 11 Haulers Intercepted 1 | . . . . . 1 . . . . . . . Recyclers Shooed . | . . . . . . . . . . . . . Parts Field Recycled . | . . . . . . . . . . . . . Retrieved Matter . | . . . . . . . . . . . . . Parts Self-Destructed 43 | . . . 2 . . . . . 12 15 . 14 Prevented . | . . . . . . . . . . . . . Parts Restored . | . . . . . . . . . . . . . Kills | -11 -10 -10 -10 -8 -8 -7 -7 -7 -7 -7 -7 -6 ------- Run | Yrd Mat Min Sub Mat Sto Fac Gar Fac Low Low Dat Pro Combat Hostiles Destroyed 47 | . 4 2 1 4 9 2 5 . 8 5 . 7 Melee 1 | . . . . . 1 . . . . . . . Guns 28 | . 4 2 1 2 . 2 2 . 3 5 . 7 Cannons 9 | . . . . 2 6 . 1 . . . . . AOE 8 | . . . . . 1 . 2 . 5 . . . Classes Destroyed 11 | . 1 1 1 1 4 . 1 . 1 1 . . Worker 1 | . . . . . 1 . . . . . . . Hauler 1 | . . . . . 1 . . . . . . . Operator 1 | . . . . . 1 . . . . . . . Drone 1 | . . . . . 1 . . . . . . . Swarmer 13 | . . 2 . 3 1 . . . 2 . . 5 Grunt 19 | . 4 . . . 2 2 3 . 4 3 . 1 Brawler 1 | . . . . . . . . . 1 . . . Duelist 2 | . . . . . . . 1 . . . . 1 Sentry 9 | . . . . 1 6 . 1 . 1 . . . Hunter 2 | . . . . . . . . . . 2 . . Subdweller 1 | . . . 1 . . . . . . . . . Best Kill Streak 7 | . 2 2 1 3 4 2 3 . 7 3 . 4 Combat Bots Only 7 | . 2 2 1 3 2 2 3 . 7 3 . 4 Max Kills in Single Turn 3 | . 1 1 1 1 2 1 1 . 3 1 . 2 Gunslinging 1 | . . . . . . . . . . . . 1 Exploded 3 | . . . . . 1 . 1 . 3 . . . Melee 1 | . . . . . 1 . . . . . . . Uniques/NPCs Destroyed . | . . . . . . . . . . . . . Combat | -11 -10 -10 -10 -8 -8 -7 -7 -7 -7 -7 -7 -6 -------- Run | Yrd Mat Min Sub Mat Sto Fac Gar Fac Low Low Dat Pro Hostile Shots Fired 367 | . 48 5 11 15 23 6 103 . 44 20 . 92 Missed 105 | . 14 1 3 1 7 2 40 . 9 6 . 22 Hits 262 | . 34 4 8 14 16 4 63 . 35 14 . 70 Melee 6 | . . . . . . . 2 . . . . 4 Projectile 256 | . 34 4 8 14 16 4 61 . 35 14 . 66 Critical Strikes 13 | . 3 1 1 . 1 . 3 . . 1 . 3 Damage Taken 3754 | . 496 36 208 121 306 68 652 . 720 219 . 928 Core 937 | . 154 9 24 14 33 . 73 . 191 47 . 392 Absorbed by Shields . | . . . . . . . . . . . . . Core Remaining (%) 72 | 100 . . 25 . 91 . . . . . . . Volleys Fired 151 | . 29 4 9 6 26 7 17 . 12 14 . 27 Largest 3 | . 2 2 2 3 2 2 2 . 2 2 . 2 Hottest 143 | . 70 40 70 110 103 96 119 . 143 113 . 113 Shots Fired 275 | . 58 8 17 18 47 14 28 . 20 28 . 37 Gun 221 | . 58 8 17 12 21 7 16 . 17 28 . 37 Cannon 49 | . . . . 6 26 7 10 . . . . . Launcher 5 | . . . . . . . 2 . 3 . . . Special . | . . . . . . . . . . . . . Kinetic 141 | . 38 8 16 12 22 7 10 . 3 14 . 11 Thermal 125 | . 20 . 1 6 21 7 16 . 14 14 . 26 Explosive 5 | . . . . . . . 2 . 3 . . . Electromagnetic 4 | . . . . . 4 . . . . . . . Robot Hit Streak 8 | . 8 1 5 7 5 3 5 . 5 6 . 5 Robot Miss Streak 9 | . 6 2 2 2 5 1 3 . 5 3 . 9 Penetration Max 1 | . . . . . . . . . . 1 . . Secondary Targets 4 | . 1 . . . . . . . . 2 . 1 Max Gunslinging Chain 1 | . 1 . . . . . . . . 1 . 1 Shots Hit Robots 161 | . 29 3 12 10 22 8 16 . 14 23 . 24 Core Hits 106 | . 11 2 3 5 16 3 12 . 23 15 . 16 Critical Kills 3 | . . . . . 3 . . . . . . . Critical Parts Destroyed 3 | . . . . . 2 . 1 . . . . . Critical Strikes 12 | . . . . . 6 1 4 . . . . 1 Burn 5 | . . . . . 1 1 2 . . . . 1 Destroy 7 | . . . . . 5 . 2 . . . . . Melee Attacks 28 | . . . . . 19 1 3 . . 3 . 2 Impact . | . . . . . . . . . . . . . Slashing . | . . . . . . . . . . . . . Piercing 28 | . . . . . 19 1 3 . . 3 . 2 Sneak Attacks . | . . . . . . . . . . . . . Combat Hostiles . | . . . . . . . . . . . . . Follow-up Attacks . | . . . . . . . . . . . . . Damage Inflicted 4254 | . 335 27 122 145 877 149 520 . 978 614 . 487 Guns 2146 | . 335 27 122 79 123 105 200 . 245 423 . 487 Cannons 585 | . . . . 66 356 44 119 . . . . . Explosions 1229 | . . . . . 295 . 201 . 733 . . . Melee 283 | . . . . . 92 . . . . 191 . . Ramming 11 | . . . . . 11 . . . . . . . Kinetic 1297 | . 196 27 110 95 356 44 119 . 46 183 . 121 Thermal 1434 | . 139 . 12 50 123 105 200 . 199 240 . 366 Explosive 1229 | . . . . . 295 . 201 . 733 . . . Electromagnetic . | . . . . . . . . . . . . . Impact . | . . . . . . . . . . . . . Slashing . | . . . . . . . . . . . . . Piercing 283 | . . . . . 92 . . . . 191 . . Highest Corruption 5 | . . . . . . . 2 2 . . . 5 Average Corruption 4 | . . . . . . . 1 1 . . . 5 Corruption Purged 2 | . . . . . . . . 2 . . . . Corruption Blocked . | . . . . . . . . . . . . . Effects 9 | . . . . . . . . . . . . 9 Message Errors 2 | . . . . . . . . . . . . 2 Matter Fused 4 | . . . . . . . . . . . . 4 Heat Flow Errors 2 | . . . . . . . . . . . . 2 Weapon Failures 1 | . . . . . . . . . . . . 1 Overload Shots . | . . . . . . . . . . . . . Overflow Damage 16 | . . . . . 13 . . . 3 . . . Projectiles 13 | . . . . . 13 . . . . . . . Explosions 3 | . . . . . . . . . 3 . . . Melee . | . . . . . . . . . . . . . Knockbacks 2 | . . . . . . 1 1 . . . . . Impact . | . . . . . . . . . . . . . Kinetic 2 | . . . . . . 1 1 . . . . . Secondary . | . . . . . . . . . . . . . Self-Inflicted Damage 156 | . . . . . 75 . . . 81 . . . Shots 5 | . . . . . 2 . . . 3 . . . Rammed 1 | . . . . . 1 . . . . . . . Targets Rammed 1 | . . . . . 1 . . . . . . . Kicked . | . . . . . . . . . . . . . Crushed . | . . . . . . . . . . . . . Highest Temperature 345 | . 345 . . . 63 90 338 . 327 241 . 335 Average Temperature 118 | . 203 . . . 18 39 174 . 141 74 . 108 Received Heat Transfer 1107 | . 345 . 48 9 90 36 189 . 162 108 . 120 Effects 12 | . 3 . . . . . 8 . . . . 1 Energy Bleed 3 | . 1 . . . . . 1 . . . . 1 Interference 6 | . . . . . . . 6 . . . . . Short Circuit 1 | . 1 . . . . . . . . . . . Damage (minor) 2 | . 1 . . . . . 1 . . . . . Siege Activations . | . . . . . . . . . . . . . Martial Activations . | . . . . . . . . . . . . . Shielding Activations . | . . . . . . . . . . . . . Robots Disrupted . | . . . . . . . . . . . . . Combat Hostiles . | . . . . . . . . . . . . . Robots Corrupted . | . . . . . . . . . . . . . Combat Hostiles . | . . . . . . . . . . . . . Parts Fried . | . . . . . . . . . . . . . Impact Corruptions . | . . . . . . . . . . . . . Robots Melted 1 | . . . . . 1 . . . . . . . Combat Hostiles 1 | . . . . . 1 . . . . . . . Parts Melted 3 | . . . . . 2 . . . . 1 . . Heat Transferred 3785 | . 407 . 37 148 444 296 573 . 436 550 . 894 Parts Sabotaged . | . . . . . . . . . . . . . Parts Stolen . | . . . . . . . . . . . . . Parts Stripped . | . . . . . . . . . . . . . Power Chain Reactions . | . . . . . . . . . . . . . Alert | -11 -10 -10 -10 -8 -8 -7 -7 -7 -7 -7 -7 -6 ------- Run | Yrd Mat Min Sub Mat Sto Fac Gar Fac Low Low Dat Pro Maximum Alert Level 2 | . . . . . 1 1 2 1 . . . . Low Security (%) 73 | 100 100 100 . 100 67 98 23 15 . . . . Level 1 25 | . . . . . 32 1 65 84 . . . . Level 2 . | . . . . . . . 10 . . . . . Level 3 . | . . . . . . . . . . . . . Level 4 . | . . . . . . . . . . . . . Level 5 . | . . . . . . . . . . . . . High Security . | . . . . . . . . . . . . . Max Security . | . . . . . . . . . . . . . Peak Influence 490 | . 50 50 . 98 391 205 490 246 . . . . Initial 246 | . . . . . 24 128 134 246 . . . . Average 127 | . 15 28 . 25 160 159 262 217 . . . . Influence Increases 2493 | . 100 50 . 118 929 174 406 15 303 138 . 260 Destroy 0b10 Robot/C 1280 | . 80 40 . 80 340 100 100 . 220 100 . 220 Destroy 0b10 Robot/NC 35 | . . . . . 30 . . . . 5 . . Destroy Leader 256 | . 20 10 . 20 116 20 10 . 10 30 . 20 Allied During Kill 284 | . . . . . 232 16 . . 13 3 . 20 Successful Hack 61 | . . . . . 30 31 . . . . . . Disable Machine 165 | . . . . 15 135 . 15 . . . . . Anti-Garrison Action 50 | . . . . . . . 50 . . . . . Destroy Structure 77 | . . . . 3 31 7 36 . . . . . Partial Spotted 30 | . . . . . . . 15 15 . . . . Lose Combat Pursuer 255 | . . . . . 15 . 180 . 60 . . . Influence Decreases 2451 | . 100 40 10 60 704 265 128 294 494 138 . 218 Entered New Map 549 | . . . 6 . 34 155 58 224 72 . . . Time Decay 1452 | . 90 40 4 60 500 70 . 70 362 115 . 141 Lost Part 190 | . 10 . . . . . 50 . 60 10 . 60 Lost Ally 260 | . . . . . 170 40 20 . . 13 . 17 Squads Dispatched 2 | . . . . . 1 1 . . . . . . Investigation . | . . . . . . . . . . . . . Extermination . | . . . . . . . . . . . . . Reinforcement 2 | . . . . . 1 1 . . . . . . Assault . | . . . . . . . . . . . . . Garrison . | . . . . . . . . . . . . . Intercept . | . . . . . . . . . . . . . Searches Triggered . | . . . . . . . . . . . . . Construction Impeded . | . . . . . . . . . . . . . Haulers Reinforced . | . . . . . . . . . . . . . Active Scanning Responses . | . . . . . . . . . . . . . Cargo Convoy Interrupts . | . . . . . . . . . . . . . Stealth | -11 -10 -10 -10 -8 -8 -7 -7 -7 -7 -7 -7 -6 --------- Run | Yrd Mat Min Sub Mat Sto Fac Gar Fac Low Low Dat Pro Distress Signals 3 | . 2 . . . 1 . . . . . . . Communications Jammed . | . . . . . . . . . . . . . Distress Signals . | . . . . . . . . . . . . . Times Spotted 103 | . 8 2 1 4 24 7 24 1 15 5 . 12 Peak Tracking Total 15 | . 5 1 1 3 5 3 15 1 7 3 . 5 Tactical Retreats 4 | . . . . . 1 . 2 . 1 . . . Traps | -11 -10 -10 -10 -8 -8 -7 -7 -7 -7 -7 -7 -6 ------- Run | Yrd Mat Min Sub Mat Sto Fac Gar Fac Low Low Dat Pro Traps Triggered 3 | . . . 1 . . . 1 1 . . . . Indirectly . | . . . . . . . . . . . . . Trap Hack Attempts . | . . . . . . . . . . . . . Triggered . | . . . . . . . . . . . . . Disarmed . | . . . . . . . . . . . . . Reprogrammed . | . . . . . . . . . . . . . Reused . | . . . . . . . . . . . . . Traps Extracted . | . . . . . . . . . . . . . Installed . | . . . . . . . . . . . . . Triggered . | . . . . . . . . . . . . . Machines | -11 -10 -10 -10 -8 -8 -7 -7 -7 -7 -7 -7 -6 ---------- Run | Yrd Mat Min Sub Mat Sto Fac Gar Fac Low Low Dat Pro Machines Disabled 12 | . . . . 1 9 . 2 . . . . . Max in Single Turn 3 | . . . . 1 3 . 1 . . . . . Garrison Relay 1 | . . . . . . . 1 . . . . . Machines Repaired . | . . . . . . . . . . . . . Machines Dismantled . | . . . . . . . . . . . . . Machines Sabotaged . | . . . . . . . . . . . . . Overloaded Fab Kills . | . . . . . . . . . . . . . Hacking | -11 -10 -10 -10 -8 -8 -7 -7 -7 -7 -7 -7 -6 --------- Run | Yrd Mat Min Sub Mat Sto Fac Gar Fac Low Low Dat Pro Machines Accessed 24 | . 1 . . . 10 4 1 4 . . 4 . Terminals 17 | . 1 . . . 10 2 1 3 . . . . Fabricators 1 | . . . . . . . . 1 . . . . Repair Stations . | . . . . . . . . . . . . . Recycling Units . | . . . . . . . . . . . . . Scanalyzers 1 | . . . . . . 1 . . . . . . Garrison Access 1 | . . . . . . 1 . . . . . . Total Hacks 76 | . 1 . . . 27 9 2 8 . . 29 . Successful 50 | . . . . . 11 7 . 3 . . 29 . Failed 25 | . 1 . . . 15 2 2 5 . . . . Catastrophic 9 | . 1 . . . 4 1 1 2 . . . . Database Lockouts 1 | . . . . . 1 . . . . . . . Manual 19 | . . . . . 16 1 . 2 . . . . Terminals 41 | . 1 . . . 27 6 2 5 . . . . Fabricators 3 | . . . . . . . . 3 . . . . Repair Stations . | . . . . . . . . . . . . . Recycling Units . | . . . . . . . . . . . . . Scanalyzers 2 | . . . . . . 2 . . . . . . Garrison Access 1 | . . . . . . 1 . . . . . . Terminal Hacks 46 | . . . . . 11 4 . 2 . . 29 . Record 11 | . . . . . . . . . . . 11 . Part Schematic 10 | . . . . . . . . . . . 10 . Robot Schematic 5 | . . . . . . . . . . . 5 . Prototype ID Bank 9 | . . . . . 6 . . . . . 3 . Open Door 1 | . . . . . 1 . . . . . . . Open DSF 2 | . . . . . . 1 . 1 . . . . Branch Access Points 1 | . . . . . 1 . . . . . . . Terminal Index 1 | . . . . . 1 . . . . . . . Alert Level 2 | . . . . . . 1 . 1 . . . . Locate Traps 2 | . . . . . 1 1 . . . . . . Registered Components 2 | . . . . . 1 1 . . . . . . Fabricator Hacks 1 | . . . . . . . . 1 . . . . Network Status 1 | . . . . . . . . 1 . . . . Repair Station Hacks . | . . . . . . . . . . . . . Recycling Unit Hacks . | . . . . . . . . . . . . . Scanalyzer 2 | . . . . . . 2 . . . . . . Retrieve Study 2 | . . . . . . 2 . . . . . . Garrison Access Hacks 1 | . . . . . . 1 . . . . . . Unlock Access 1 | . . . . . . 1 . . . . . . Unauthorized Hacks . | . . . . . . . . . . . . . Terminals . | . . . . . . . . . . . . . Fabricators . | . . . . . . . . . . . . . Repair Stations . | . . . . . . . . . . . . . Recycling Units . | . . . . . . . . . . . . . Scanalyzers . | . . . . . . . . . . . . . Garrison Access . | . . . . . . . . . . . . . Data Cores Recovered 1 | . . . . . 1 . . . . . . . Used . | . . . . . . . . . . . . . Hacking Detections 18 | . 1 . . . 10 3 1 3 . . . . Full Trace Events . | . . . . . . . . . . . . . Feedback Events . | . . . . . . . . . . . . . Feedback Blocked . | . . . . . . . . . . . . . Robot Schematics Acquired 5 | . . . . . . . . . . . 5 . Robots Built . | . . . . . . . . . . . . . Authchips . | . . . . . . . . . . . . . Time . | . . . . . . . . . . . . . Total Robot Build Rating . | . . . . . . . . . . . . . Part Schematics Acquired 10 | . . . . . . . . . . . 10 . Parts Built . | . . . . . . . . . . . . . Authchips . | . . . . . . . . . . . . . Time . | . . . . . . . . . . . . . Total Part Build Rating . | . . . . . . . . . . . . . Part Studies Acquired 2 | . . . . . . 2 . . . . . . Parts Repaired . | . . . . . . . . . . . . . Time . | . . . . . . . . . . . . . Parts Recycled . | . . . . . . . . . . . . . Recycled Matter . | . . . . . . . . . . . . . Retrieved Matter . | . . . . . . . . . . . . . Retrieved Components . | . . . . . . . . . . . . . Parts Scanalyzed . | . . . . . . . . . . . . . Part Schematics Acquired . | . . . . . . . . . . . . . Parts Damaged . | . . . . . . . . . . . . . Bothacking | -11 -10 -10 -10 -8 -8 -7 -7 -7 -7 -7 -7 -6 ------------ Run | Yrd Mat Min Sub Mat Sto Fac Gar Fac Low Low Dat Pro Used RIF Installer . | . . . . . . . . . . . . . Robots Hacked . | . . . . . . . . . . . . . Non-combat . | . . . . . . . . . . . . . Combat . | . . . . . . . . . . . . . Robot Hacks Applied . | . . . . . . . . . . . . . Relay Couplers Released 3 | . . . . . . . 3 . . . . . Machine Destruction 3 | . . . . . . . 3 . . . . . Fabnet Peak Effective % . | . . . . . . . . . . . . . Robots Rewired 3 | . . . . . 1 . . . 2 . . . Allies Hacked . | . . . . . . . . . . . . . Hacks Repelled . | . . . . . . . . . . . . . Allies | -11 -10 -10 -10 -8 -8 -7 -7 -7 -7 -7 -7 -6 -------- Run | Yrd Mat Min Sub Mat Sto Fac Gar Fac Low Low Dat Pro Total Allies 13 | . . . . . 10 . . . 2 . . 1 Largest Group 10 | . . . . . 10 4 1 . 2 2 . 1 Highest-Rated Group 173 | . . . . . 173 77 29 . 46 44 . 96 Highest-Rated Ally 96 | . . . . . 29 29 29 . 30 30 . 96 Initial Warlord ECA Mod 1 | . . . . . . . . 1 1 1 1 . Total Orders . | . . . . . . . . . . . . . Ally Attacks 133 | . . . . . 87 18 4 . 8 3 . 13 Total Damage 2108 | . . . . . 1016 245 55 . 219 69 . 504 Kills 24 | . . . . . 13 4 . . 3 . . 4 Allies Corrupted . | . . . . . . . . . . . . . Allies Melted . | . . . . . . . . . . . . . Intel | -11 -10 -10 -10 -8 -8 -7 -7 -7 -7 -7 -7 -6 ------- Run | Yrd Mat Min Sub Mat Sto Fac Gar Fac Low Low Dat Pro Active Infowar (turns) 5404 | . . . 211 315 1489 158 149 141 957 1273 120 591 Optics 5404 | . . . 211 315 1489 158 149 141 957 1273 120 591 Robot Analysis Total . | . . . . . . . . . . . . . Derelict Logs Recovered 1 | . . . . . . . . . 1 . . . Drone Launches 10 | . . . . . 10 . . . . . . . Drone Recoveries . | . . . . . . . . . . . . . Exploration | -11 -10 -10 -10 -8 -8 -7 -7 -7 -7 -7 -7 -6 ------------- Run | Yrd Mat Min Sub Mat Sto Fac Gar Fac Low Low Dat Pro Turns Passed 6023 | 71 348 96 286 315 1490 158 177 141 957 1273 120 591 Spaces Moved 3540 | 41 134 45 133 184 830 269 291 353 632 401 76 151 Core 68 | 6 . . . . . . . . . 14 . 48 Treads 1277 | 35 45 . . 90 830 2 . . . 96 76 103 Legs 636 | . 89 45 133 94 . . . . . 275 . . Wheels . | . . . . . . . . . . . . . Hover 1559 | . . . . . . 267 291 353 632 16 . . Flight . | . . . . . . . . . . . . . Fastest Speed 36 | 50 160 190 120 120 160 36 36 36 36 160 160 160 Average Speed 149 | 143 179 190 187 140 160 36 37 36 142 302 160 340 Slowest Speed 700 | 160 190 190 190 240 160 160 102 36 290 700 160 600 Overloaded Moves . | . . . . . . . . . . . . . Propulsion Burnouts . | . . . . . . . . . . . . . Robots Hopped . | . . . . . . . . . . . . . Potential Cave-ins . | . . . . . . . . . . . . . Cave-ins Triggered . | . . . . . . . . . . . . . Exploration Rate (%) 36 | 4 30 16 17 16 90 8 35 15 74 61 72 37 Regions Visited 12 Branch Regions 7 Pre-discovered Areas 3 | . . . . . . . . . 2 . 1 . Known Exits Taken 7 | . . . . 1 1 1 . 1 1 1 1 . Unknown Exits Taken 4 | 1 1 1 1 . . . . . . . . . Scrap Searched 2 | . . . . . . . . . 2 . . . Spaces Dug 6 | . . . . . 4 1 . . 1 . . . Terrain Destroyed 102 | . . . . 2 28 7 31 . 31 . . 3 Melee 5 | . . . . . 4 1 . . . . . . Projectile 20 | . . . . 2 6 6 2 . 1 . . 3 AOE 77 | . . . . . 18 . 29 . 30 . . . Terrain Rammed . | . . . . . . . . . . . . . Walls Destroyed . | . . . . . . . . . . . . . Machines Disabled . | . . . . . . . . . . . . . Actions | -11 -10 -10 -10 -8 -8 -7 -7 -7 -7 -7 -7 -6 --------- Run | Yrd Mat Min Sub Mat Sto Fac Gar Fac Low Low Dat Pro Total 3965 | 50 185 49 155 236 929 316 326 367 669 424 75 184 Wait 27 | . . . 5 4 8 10 . . . . . . Move 3528 | 40 133 44 132 183 829 268 290 352 631 400 75 151 Hop . | . . . . . . . . . . . . . Pick Up 76 | 4 14 1 4 17 12 11 5 6 2 . . . Fast Attach 26 | 6 1 . 1 3 4 . 1 1 2 5 . 2 Attach 21 | . 1 . 2 5 1 2 6 1 . 1 . 2 Detach 1 | . . . . . . 1 . . . . . . Swap 21 | . 3 . . 1 6 5 3 2 1 . . . Drop 60 | . 4 . 2 17 16 11 1 5 3 1 . . Fire 151 | . 29 4 9 6 26 7 17 . 12 14 . 27 Melee 28 | . . . . . 19 1 3 . . 3 . 2 Ram . | . . . . . . . . . . . . . Kick . | . . . . . . . . . . . . . Crush 1 | . . . . . 1 . . . . . . . Escape Stasis . | . . . . . . . . . . . . . Rewire 20 | . . . . . 2 . . . 18 . . . Trap . | . . . . . . . . . . . . . Miscellaneous 5 | . . . . . 5 . . . . . . . Route ------- -11/Scrapyard -10/Materials -10/Mines -10/Subcaves -8/Materials -8/Storage (discovered 2 exits: *Fac / Rec) -7/Factory -7/Garrison -7/Factory -7/Lower Caves -7/Lower Caves (discovered 2 exits: *Fac / *Dat) -7/Data Miner -6/Proximity Caves History --------- Turn | Location | Event 11 | -11/Scrapyard | Discovered new exit (range 15) 72 | -11/Scrapyard | Entered Materials 216 | -10/Materials | Core integrity fell below 50% 316 | -10/Materials | Build established: Mutant 370 | -10/Materials | Discovered new exit (range 13) 420 | -10/Materials | Entered Mines 503 | -10/Mines | Discovered new exit (range 8) 516 | -10/Mines | Entered Subcaves 517 | -10/Subcaves | Approached by a straggling Scientist 598 | -10/Subcaves | Shifting Twisted Machinery released Slug Cannon 602 | -10/Subcaves | Shifting Twisted Machinery released Mak. Spear 681 | -10/Subcaves | Shifting Twisted Machinery released Sub. Shrapnel Launcher 686 | -10/Subcaves | Shifting Twisted Machinery released Mak. Thermal Plating 773 | -10/Subcaves | Discovered new exit (range 11) 802 | -10/Subcaves | Entered Materials 802 | -8/Materials | Evolved 4 slots: Propulsion x1, Utility x2, Weapon x1 854 | -8/Materials | Discovered new exit (range 13) 906 | -8/Materials | Identified exit to Storage 1117 | -8/Materials | Entered Storage 1341 | -8/Storage | Lost 3 allies 1413 | -8/Storage | Assisted by bots powering up and referring to "LRC-V3" 1619 | -8/Storage | Identified exit to Recycling 1680 | -8/Storage | Discovered new exit (range 20) 1712 | -8/Storage | Build established: Commander-Mutant 1764 | -8/Storage | Central database locked down 2327 | -8/Storage | Lost 3 allies 2601 | -8/Storage | Identified exit to Factory 2607 | -8/Storage | Entered Factory 2607 | -7/Factory | Accompanied by 5 allies 2607 | -7/Factory | Evolved 2 slots: Propulsion x2 2741 | -7/Factory | Identified exit to Garrison 2765 | -7/Factory | Entered Garrison 2765 | -7/Garrison | Accompanied by 1 ally 2866 | -7/Garrison | Garrison Relay disabled 2882 | -7/Garrison | Triggered checkpoint 2920 | -7/Garrison | Discovered new exit (range 10) 2926 | -7/Garrison | Build established: Mutant 2929 | -7/Garrison | Triggered checkpoint 2942 | -7/Garrison | Identified exit to Factory 2942 | -7/Garrison | Entered Factory 2969 | -7/Factory | Lost 3 parts (1p2n) 3018 | -7/Factory | Allied Derelicts emerged from ambush trap array 3067 | -7/Factory | Discovered new exit (range 12) 3075 | -7/Factory | Identified exit to Lower Caves 3083 | -7/Factory | Entered Lower Caves 3093 | -7/Lower Caves | Met a Warlord Commander 3094 | -7/Lower Caves | Learned location of Warlord (-5) 3095 | -7/Lower Caves | Warlord Commander delivered Encrypted Comm Array 3098 | -7/Lower Caves | Found Encrypted Comm Array 3211 | -7/Lower Caves | Attracted the attention of an 0b10 outpost 3260 | -7/Lower Caves | Destroyed 7 combat bots 3268 | -7/Lower Caves | Lost 6 parts (4n2w) 4002 | -7/Lower Caves | Discovered new exit (range 9) 4028 | -7/Lower Caves | Identified exit to Lower Caves 4040 | -7/Lower Caves | Entered another Lower Caves area 4040 | -7/Lower Caves | Accompanied by 2 allies 4291 | -7/Lower Caves | Discovered new exit (range 10) 4321 | -7/Lower Caves | Identified exit to Factory 5310 | -7/Lower Caves | Discovered new exit (range 2) 5312 | -7/Lower Caves | Identified exit to Data Miner 5313 | -7/Lower Caves | Entered Data Miner 5313 | -7/Data Miner | Discovered new exit (range 6) 5337 | -7/Data Miner | Met Data Miner 5371 | -7/Data Miner | Learned location of Section 7 (-2) 5371 | -7/Data Miner | Acquired the access code to Warlord's prototype stash 5398 | -7/Data Miner | Received God Mode back door access code from Data Miner 5432 | -7/Data Miner | Identified exit to Proximity Caves 5433 | -7/Data Miner | Entered Proximity Caves 5465 | -6/Proximity Caves | Core integrity fell below 50% 5491 | -6/Proximity Caves | Lost 5 parts (1p4n) 5738 | -6/Proximity Caves | Attracted the attention of an 0b10 checkpoint 5744 | -6/Proximity Caves | Escorted by Enhanced Grunt 5748 | -6/Proximity Caves | Core integrity fell below 20% 5777 | -6/Proximity Caves | Lost 3 parts (3w) 6024 | -6/Proximity Caves | Destroyed by G-50 Soldier with Heavy Laser Last Messages --------------- 05958_ System corrupted: Matter fused (-9). 05999_ Enhanced Grunt suffers critical hit (Burn). 06000_ Enhanced Grunt Adv. Particle Charger severed. 06003_ Hvy. Laser fries itself beyond repair. 06003_ Enhanced Grunt Lyr. Medium Armor Plating severed. 06005_ Carbon-fiber Leg fries itself beyond repair. 06006_ System corrupted: Heat flow error (+290). 06006_ Enhanced Grunt destroyed. 06006_ System corrupted: Pulse Rifle failed to cycle. 06010_ G-50 Soldier destroyed. 06016_ L-41 Fighter destroyed. 06023_ Microactuators fries itself beyond repair. 06024_ Carbon-fiber Leg fries itself beyond repair. Map ----- +----------------------------------------------------+ | ?????????????????????????????????????????????????? | | ?????????????????????????????????????????????????? | | ????????????????? ???????????????????????????????? | | ????????????????# ????????????????????????????? | | ??????????????? ????????????????????????????? | | ??????????????? ???? ??????????????????????? | | ???##????????? #??? ??????????????????????? | | ###? #####???? #??# ??????????????????????? | | ? #??## ## ? #??????????????????????? | | ? ? ## ?? ##?????????????????????? | | ?# ## ??? % #?????????????????????? | | ## ## ???? ?????????????????????? | | ?????? ??????????????????????? | | ??????? #??????????????????????? | | ?## ?????????# #??????????????????????? | | ## ## #?????????## #??????????????????????? | | # ## ##????????#; %#??????????????????????? | | # #???????## !!##?????????????????????? | | ??# #???????## %!*!#?????#???????????????? | | ??## #???##### !g #???? #???????????????? | | ???# #?### #??? #???????????????? | | #### ### #### #?? #???????????????? | | # #### ## #????????????????? | | # ### ## / #?????????????????? | | ### #### #### % ####?????????????????? | | ####??####??## @ ##????????????????????? | | ## #????????????# ##?????????????????????? | | ##?###?????????? #??????????????????????? | | ##???????????? #??????????????????????? | | ##???????????# #??????????????????????? | | #????????????## ##??????????????????????? | | #?????????????### ##???????????????????????? | | ???????????????## ####????????????????????????? | | ????????????????## ????????????????????????????? | | ????????????????##????????????????????????????? | | ??????????????????????????????????????????????? | | ?????????????????????????????????????????????? | | ?????????????????????????????????????????????? | | #????????????????????????????????????????????? | | ????????????????????????????????????????????? | | ????????????????????????????????????????????? | | ???????????????????????????????????????????? | | ???????????????????????????????????????????? | | ?????????????????????????????????????????????? | | ##???????????????????????????????????????????????? | | ?????????????????????????????????????????????????? | | ?????????????????????????????????????????????????? | | ?????????????????????????????????????????????????? | | ?????????????????????????????????????????????????? | | ?????????????????????????????????????????????????? | +----------------------------------------------------+ Best States ------------- Heat Dissipation 48 Energy Generation 18 Energy Capacity 310 Matter Stores 300 Matter Capacity 300 Sight Range 21 Terrain Scan Density 10 Evasion (%) 57 Recoil Reduction 3 Item Schematics ----------------- Combat Drone Bay | -7/Data Miner | Free Lgt. Regenerative Plating | -7/Data Miner | Free Cld. Cesium-ion Thruster | -7/Data Miner | Free Gravity Neutralizer | -7/Data Miner | Free Imp. Heavy Laser | -7/Data Miner | Free Thunder Leg | -7/Data Miner | Free Imp. Recalibrator | -7/Data Miner | Free Tesla Rifle | -7/Data Miner | Free Lrn. Tractor Beam | -7/Data Miner | Free Imp. Cloaking Device | -7/Data Miner | Free Robot Schematics ------------------ S-27 Virus | -7/Data Miner | Free G-47 Trooper | -7/Data Miner | Free L-41 Fighter | -7/Data Miner | Free A-15 Conveyor | -7/Data Miner | Free R-10 Processor | -7/Data Miner | Free Fabricated ------------ Nothing Repaired ---------- Nothing Studied --------- Airjet | -7/Factory | Hacked Lgt. Deuterium Engine | -7/Factory | Hacked Alien Tech Used ----------------- None Achievements -------------- I Like You, Cogmind Challenges ------------ None Game ------ Seed DrainedAbsorptionChainsaw Manual? 0 Play Time 01:20:34 Cumulative 21.5 hours Start 2026.04.25 @ 01:15:36 End 2026.04.25 @ 03:45:01 Sessions 2 Manual Loads 0 Difficulty Rogue Special Mode None Game No. 28 Rogue 28 Adventurer 0 Explorer 0 Win Type - Total 0 Types 0/0/0/0/0/0/0/0/0/0 Lore% 12 Gallery% 26 Achievement% 23 Wizard Run 0 Options --------- Layout 1 ASCII 0 Keyboard 0 Movement Mouse Keybinds 0 Fullscreen 2 Font 24/Smallcaps Map View 50x35 Zoom Use 0% Tactical HUD 1 Map Filters NONE Filters NONE Steam 1 RUN: f3152629-6a1b-488d-bff8-a6f4063ca1b8